 Dungeon Crawl Stone Soup version 0.21.1-1-g345015f (webtiles) character file.

118 suicidejoker the Insei (level 5, 0/34 HPs)
             Began as an Octopode Transmuter on Apr 1, 2018.
             Succumbed to an adder's poison
             ... on level 3 of the Dungeon.
             The game lasted 00:04:11 (2515 turns).

suicidejoker the Insei (Octopode Transmuter)        Turns: 2515, Time: 00:04:12

Health: 0/34       AC:  1    Str: 12 (15) XL:     5   Next: 2%
Magic:  8/8        EV: 14    Int: 14 (15) God:
Gold:   132        SH:  0    Dex: 13      Spells: 7/8 levels left

rFire    . . .     SeeInvis .     - Unarmed
rCold    . . .     Gourm    .   (no shield)
rNeg     . . .     Faith    .   (helmet restricted)
rPois    .         Spirit   .   (no amulet)
rElec    .         Reflect  .   (no ring)
rCorr    .         Harm     .   (no ring)
MR       .....                  (no ring)
Stlth    +++.......             (no ring)
HPRegen  0.11/turn              (no ring)
MPRegen  0.11/turn              (no ring)
                                (no ring)
                                (no ring)

@: mighty, lethally poisoned (0 -> -19), very slightly contaminated, invisible
A: almost no armour, stealthy swim, amphibious, 8 rings, constrict 8, camouflage
1, gelatinous body 1
a: no special abilities


You were on level 3 of the Dungeon.
You were hungry.

You visited 1 branch of the dungeon, and saw 3 of its levels.

You collected 132 gold pieces.

Inventory:

Hand Weapons
 b - a +4 hunting sling
Missiles
 a - 54 arrows
 e - 15 bolts
 f - 20 sling bullets
 g - 27 stones (quivered)
Potions
 i - 2 potions of brilliance
Books
 d - a book of Changes

   Spells                             Type                      Level
   a - Beastly Appendage              Transmutation                1
   b - Sticks to Snakes               Transmutation                2
   c - Spider Form                    Transmutation/Poison         3
   d - Ice Form                       Ice/Transmutation            4
   e - Blade Hands                    Transmutation                5
Comestibles
 c - 4 rations


   Skills:
 + Level 1.8 Fighting
 * Level 1.9 Slings
 * Level 3.0 Dodging
 + Level 2.0 Stealth
 * Level 3.7 Unarmed Combat
 - Level 2.0 Spellcasting
 - Level 2.0 Transmutations


You had 7 spell levels left.
You knew the following spells:

 Your Spells              Type           Power        Failure   Level  Hunger
a - Beastly Appendage     Tmut           #.....       11%         1    ##.....


Dungeon Overview and Level Annotations

Branches:
Dungeon (3/15)

Altars:
Makhleb


Innate Abilities, Weirdness & Mutations

You cannot wear most types of armour.
You are very stealthy in the water. (Stealth+)
You are amphibious.
You can wear up to eight rings at the same time.
You can use your tentacles to constrict eight enemies at once.
Your skin changes colour to match your surroundings (Stealth+).
Your rubbery body absorbs attacks. (AC +1, EV +1)


Message History

You feel sick. The adder barely misses you.
You are very lightly contaminated with residual magic.
You tentacle-slap the adder.
You kill the adder!
You have reached level 5!
You feel stronger.
* * * LOW HITPOINT WARNING * * *
You feel sick.
Okay, then.
As you read the scroll labeled PAOSKAG QINOUPP, it crumbles to dust.
You feel blessed for a moment.
It was a scroll of remove curse.
* * * LOW HITPOINT WARNING * * *
You feel sick.
As you read the scroll labeled YNKUSA HOS HIRGH, it crumbles to dust.
It is a scroll of identify.
You don't have any unidentified items.
* * * LOW HITPOINT WARNING * * *
You feel sick.
You feel very mighty all of a sudden.
You die...

#.# #.# #.#
####.#####
#........#
#####
#........#
.....
+.>.....[#
##.##
#........+ ...#
#.@......# ...#
#....†#+##.....
..†# #......
.#### ##+#
#....... .#
#....(...
#....(..<#
#...$.(...
#....(.....


There were no monsters in sight!

Vanquished Creatures
  A hound (D:2)
  3 adders
  An ooze (D:2)
  4 dart slugs
  A leopard gecko (D:3)
  A ball python (D:1)
  13 bats
  2 giant cockroaches (D:3)
  3 hobgoblins
  2 frilled lizards (D:2)
  8 goblins
  6 kobolds
  5 rats
50 creatures vanquished.

Notes
Turn   | Place    | Note
-------+----------+-------------------------------------------
     0 | D:1      | suicidejoker the Octopode Transmuter began the quest for the Orb.
     0 | D:1      | Reached XP level 1. HP: 13/13 MP: 3/3
   425 | D:1      | Reached XP level 2. HP: 18/18 MP: 5/5
   482 | D:1      | Reached skill level 1 in Stealth
  1021 | D:2      | Reached XP level 3. HP: 23/23 MP: 6/6
  1362 | D:2      | Reached skill level 1 in Slings
  1500 | D:2      | Reached XP level 4. HP: 2/28 MP: 7/7
  1792 | D:2      | Found a burning altar of Makhleb.
  2512 | D:3      | Reached XP level 5. HP: 6/34 MP: 8/8
  2515 | D:3      | Succumbed to an adder's poison

Skill      XL: |  1  2  3  4 |
---------------+-------------+-----
Stealth        | 1 2 |  2.0
Slings         | 1 |  1.9
Dodging        | 3 |  3.0
Fighting       | |  1.8
Unarmed Combat | |  3.7
Spellcasting   | |  2.0
Transmutations | |  2.0

Action                   |  1- 3 |  4- 6 || total
-------------------------+-------+-------++-------
Melee: Unarmed           |    24 |     4 ||    28
       Constrict         |     7 |       ||     7
       Tentacles         |     2 |       ||     2
 Fire: Hunting sling     |    53 |    34 ||    87
  Use: Potion            |     3 |     2 ||     5
       Scroll            |       |     2 ||     2
 Stab: Sleeping          |     1 |       ||     1
  Eat: Chunk             |     2 |     2 ||     4
Armor: Skin              |     4 |       ||     4
Dodge: Dodged            |    26 |     7 ||    33
